 Dungeon Crawl Stone Soup version 0.17-a0-1748-g222fba8 (console) character file.

136915 Alipheese the Zephyrmancer (level 17, -12/162 HPs)
             Began as a Naga Transmuter on Sept 1, 2015.
             Was an Elder of Cheibriados.
             Mangled by a six-headed hydra (17 damage)
             ... on level 3 of the Swamp on Sept 2, 2015.
             The game lasted 02:01:43 (41550 turns).

Alipheese the Zephyrmancer (Naga Transmuter)       Turns: 41550, Time: 02:01:44

Health: -12/162    AC: 19    Str: 26    XL:     17   Next: 22%
Magic:  17/31      EV: 17    Int: 35    God:    Cheibriados [****..]
Gold:   1228       SH:  0    Dex: 22    Spells: 7 memorised, 1 level left

rFire  . . .     SeeInvis +       - Unarmed
rCold  + . .     Clarity  +     r - +2 robe {Archmagi}
rNeg   . . .     SustAt   .     (no shield)
rPois  +         Gourm    .     (no helmet)
rElec  .         Spirit   .     s - +1 cloak
rCorr  .         Warding  .     V - +0 pair of gloves
rMut   .         Stasis   .     j - +4 naga barding "Unycaamp" {rC+}
MR     ++...                    x - amulet of clarity
Stlth  ++........               A - +3 ring of evasion
                                J - +6 ring of intelligence

@: very slightly contaminated, very slow, very resistant to hostile
enchantments, unstealthy
A: stinger 1, see invisible, blink 1, deformed body, high mp 1, poison
resistance, slowness 2, slow metabolism 1, spit poison 2, strong 1, constrict 1,
AC +5
a: Spit Poison, Blink, Bend Time, Temporal Distortion, Slouch, Renounce Religion


You were on level 3 of the Swamp.
You worshipped Cheibriados.
Cheibriados was greatly pleased with you.
You were not hungry.

You visited 4 branches of the dungeon, and saw 31 of its levels.

You collected 2851 gold pieces.
You spent 1623 gold pieces at shops.

Inventory:

Missiles
 a - 106 arrows
 q - 352 stones (quivered)
Armour
 j - the +4 naga barding "Unycaamp" (worn) {rC+}
   (You acquired it on level 7 of the Dungeon)

   It protects you from cold.
 r - a +2 robe of the Archmagi (worn)
 s - a +1 cloak (worn)
 R - the +0 naga barding "Yhipamp" {rF++ Str-4 Dex+4}
   (You acquired it on level 6 of the Lair of Beasts)

   It affects your strength (-4).
   It affects your dexterity (+4).
   It greatly protects you from fire.
 V - a +0 pair of gloves (worn)
Jewellery
 x - an amulet of clarity (around neck)
 A - a +3 ring of evasion (right hand)
 J - a +6 ring of intelligence (left hand)
 K - an uncursed amulet of resist mutation
 W - an uncursed ring of sustain attributes
Magical devices
 b - a wand of lightning (1)
 m - a wand of invisibility (2) {INVESABLEILITY}
 u - a wand of frost (5)
 B - a wand of slowing (20)
 H - a wand of disintegration (10)
 L - a wand of fireball (8)
 M - a wand of fire (10)
 N - a wand of draining (6)
 X - a wand of digging (5)
 Y - a wand of teleportation (6) {!V}
Scrolls
 e - 2 scrolls of amnesia
 f - 3 scrolls of immolation
 g - 4 scrolls of recharging
 n - 9 scrolls of teleportation
 p - a scroll of identify
 t - 14 scrolls of remove curse
 w - a scroll of fog
 C - a scroll of holy word
 F - a scroll of enchant weapon
 I - 4 scrolls of blinking
 Q - a scroll of fear
 S - a scroll of silence
 U - 2 scrolls of enchant armour
Potions
 h - a potion of cure mutation {!q}
 i - 4 potions of resistance
 l - 5 potions of lignification
 v - 4 potions of magic
 z - 5 potions of brilliance
 G - 8 potions of curing
 O - a potion of heal wounds
 P - 2 potions of might
Books
 k - a Necronomicon

   Spells                             Type                      Level
   a - Haunt                          Necromancy/Summoning         7
   b - Borgnjor's Revivification      Necromancy                   8
   c - Death's Door                   Charms/Necromancy            8
   d - Necromutation                  Transmutation/Necromancy     8
 y - an Akashic Record

   Spells                             Type                      Level
   a - Dispersal                      Translocation                6
   b - Controlled Blink               Translocation                7
   c - Malign Gateway                 Summoning/Translocation      7
   d - Disjunction                    Translocation                8
 T - a book of the Tempests

   Spells                             Type                      Level
   a - Static Discharge               Conjuration/Air              3
   b - Lightning Bolt                 Conjuration/Air              5
   c - Fireball                       Conjuration/Fire             5
   d - Tornado                        Air                          9
   e - Shatter                        Earth                        9
Miscellaneous
 c - a disc of storms
Comestibles
 d - 16 bread rations
 o - 9 meat rations
 D - 26 beef jerkies
 E - 3 royal jellies


   Skills:
 + Level 12.9 Fighting
 - Level 7.2 Dodging
 + Level 12.1 Unarmed Combat
 - Level 7.6 Spellcasting
 - Level 8.1 Conjurations
 - Level 10.3 Transmutations
 - Level 10.0 Ice Magic
 * Level 14.2 Air Magic
 - Level 3.5 Poison Magic
 - Level 7.1 Invocations


You had one spell level left.
You knew the following spells:

 Your Spells              Type           Power        Failure   Level  Hunger
a - Blade Hands           Trmt           #######...   1%          5    ####...
b - Magic Dart            Conj           ####         1%          1    None
c - Ice Form              Ice/Trmt       #######.     1%          4    None
d - Freezing Cloud        Conj/Ice/Air   #######...   8%          6    #####..
e - Sticks to Snakes      Trmt           #######...   1%          2    None
f - Spider Form           Trmt/Pois      #######...   1%          3    None
g - Tornado               Air            ########..   100%        9    #######


Dungeon Overview and Level Annotations

Branches:
Dungeon (15/15)            Temple (0/1) D:4            Lair (8/8) D:8
  Swamp (4/4) Lair:5       Spider (0/4) Lair:4        Slime (0/6) Lair:8
    Orc (4/4) D:11            Elf (0/3) Orc:3        Vaults (0/5) D:14
 Depths (0/5) D:15

Altars:
Ashenzari
Cheibriados
Okawaru
Ru
Trog
Xom
Yredelemnul
Beogh

Shops:
D:6 }   D:11 (   Orc:2 :   Orc:4 (**!

Annotations:
D:7 PIKEHL
D:10 MY ENEMY NUMBER ONE: WATER
D:14 exclusion: downstairs


Innate Abilities, Weirdness & Mutations

You cannot wear boots.
Your serpentine skin is tough (AC +5).
You have supernaturally acute eyesight.
Armour fits poorly on your strangely shaped body.
Your system is resistant to poisons.
You cover ground very slowly.
You have a slow metabolism.
You can spit poison.
You can use your snake-like lower body to constrict enemies.
Your tail ends in a poisonous barb.
You can translocate small distances at will.
You have an increased reservoir of magic (+10% MP).
Your muscles are strong. (Str +2)


Message History

Press: ? - help, Dir - move target cursor You are very lightly contaminated with residual magic.
As you read the scroll of blinking, it crumbles to dust.
Unknown command.
Use which ability? (? or * to list)
You fail to use your ability.
Unknown command.
Use which ability? (? or * to list)
You can feel time thicken for a moment.
You kill the eight-headed hydra!
Cheibriados appreciates the change of pace.
You feel somewhat more hungry.
You can no longer step out of the time flow.
Cheibriados reduces the support of your attributes as your movement quickens.
The six-headed hydra barely misses you. The six-headed hydra misses you.
The six-headed hydra completely misses you.
The six-headed hydra barely misses you.
The six-headed hydra bites you but does no damage.
The six-headed hydra bites you!
You die...

..≈.♣ ♣.≈..♣♣
♣≈§≈..♣♣
♣.≈≈..♣♣♣♣
♣.≈≈≈....♣♣
♣≈♣≈≈≈≈≈.(♣♣
♣≈≈♣≈≈≈≈≈≈.♣♣
♣≈≈≈.≈≈.≈§≈≈♣
♣♣@...♣♣.≈≈≈≈≈
♣≈D≈.♣♣
♣..≈≈.♣ ♣≈≈..♣
♣≈.≈≈≈♣ ♣.≈.♣♣
♣.≈... ♣.≈.♣
♣≈.≈. ♣.>.♣
♣≈.§.♣♣ ♣♣..♣♣
♣>≈≈≈.♣ ♣≈..♣♣
♣....♣ ♣≈[♣.♣
♣...÷


You could see a six-headed hydra.

Vanquished Creatures
  A thorn hunter (Swamp:3)
  Donald (Orc:4)
  The ghost of WhatIsLove the Severer, a powerful HOFi of Beogh (D:15)
  The ghost of kae the Destroyer, a powerful TeFE of Vehumet (Lair:7)
  The ghost of Kolbur the Black Belt, a powerful MfIE of Cheibriados (Swamp:3)
  3 fire dragons
  Josephine (D:14)
  An ettin (D:15)
  A vault guard (D:14)
  3 ghost crabs
  A catoblepas (Lair:7)
  18 hydras
  An ogre mage (D:15)
  A centaur warrior (D:15)
  6 alligators
  2 tengu warriors
  9 death yaks
  3 orc high priests (Orc:4)
  A deep elf knight (D:15)
  A fire crab (Lair:2)
  An unseen horror (D:13)
  2 spriggan druids
  9 hill giants
  8 swamp dragons
  2 shambling mangroves
  Pikel (D:7)
  5 orc knights
  A griffon (D:14)
  12 ugly things
  A deep elf conjurer (D:15)
  3 orc sorcerers (Orc:4)
  3 cyclopes
  A manticore (D:13)
  4 black mambas
  Maurice (Orc:2)
  20 spiny frogs
  10 komodo dragons
  4 centaur skeletons
  A queen bee (Lair:1)
  2 two-headed ogres
  2 deep elf priests (D:15)
  3 fire drakes
  16 polar bears
  2 raiju (Lair:8)
  3 giant leeches
  4 bog bodies (Swamp:4)
  20 blink frogs
  A hornet zombie (D:13)
  21 slime creatures
  9 trolls
  Duvessa (D:7)
  7 deep elf magi
  4 wraiths
  A trapdoor spider (D:13)
  7 spriggans
  62 yaks
  The ghost of WhatIsLove the Skirmisher, an average HOFi (D:4)
  3 shadows
  2 hungry ghosts
  7 vampire mosquitoes
  A tarantella (shapeshifter) (D:14)
  4 wyverns
  4 basilisks
  17 hippogriffs
  4 steam dragons
  A hippogriff (shapeshifter) (D:15)
  17 wolves
  Menkaure (D:5)
  A deep elf fighter (D:15)
  4 mottled dragons
  8 wargs
  An insubstantial wisp (Swamp:4)
  11 swamp worms
  A water moccasin (shapeshifter) (D:15)
  20 water moccasins
  17 porcupines
  A soldier ant (D:13)
  13 orc warriors
  13 black bears
  3 ice beasts
  4 hell hounds (Lair:8)
  6 ogres
  A necrophage (D:15)
  3 sky beasts
  12 swamp drakes
  An eye of draining (D:14)
  10 wasps
  A slave (D:7)
  11 centaurs
  4 phantoms
  A big kobold (D:11)
  28 crocodiles
  21 giant frogs
  Dowan (D:7)
  A water moccasin zombie (D:6)
  29 killer bees
  5 scorpions
  A wyvern zombie (D:11)
  2 wyvern skeletons
  26 wights
  7 crimson imps
  7 electric eels (D:10)
  A giant frog zombie (D:9)
  5 centaur zombies
  7 jellies
  33 orc priests
  22 hounds
  Ijyb (D:2)
  Jessica (D:2)
  A giant frog skeleton (D:5)
  16 iguanas
  Terence (D:3)
  A gnoll shaman (D:10)
  28 orc wizards
  28 sheep
  7 worker ants
  A killer bee zombie (D:8)
  A hound skeleton (D:4)
  8 adders
  2 worker ant zombies
  17 gnolls
  102 river rats
  5 shadow imps
  2 oozes
  A worm (D:2)
  3 adder skeletons (D:5)
  9 giant geckos
  158 orcs
  11 giant cockroaches
  7 hobgoblins
  12 kobolds
  5 quokkas
  3 bats
  10 giant newts
  2 gnoll zombies (D:2)
  5 goblins
  13 jackals
  A quokka zombie (D:5)
  5 rats
  A fungus (Lair:1)
  A plant (Lair:8)
1185 creatures vanquished.

Vanquished Creatures (collateral kills)
  An ice beast (D:4)
  Purgy (D:3)
  A bat (D:3)
  A plant (Lair:5)
4 creatures vanquished.

Vanquished Creatures (others)
  2 slime creatures (Swamp:1)
  2 slaves (D:7)
  2 orcs (D:7)
  A giant gecko zombie (D:7)
  A quokka skeleton (D:8)
  A bush (Lair:5)
  A fire vortex (Lair:1)
  91 fungi
  35 plants
136 creatures vanquished.

Grand Total: 1325 creatures vanquished

Notes
Turn   | Place    | Note
--------------------------------------------------------------
     0 | D:1      | Alipheese the Naga Transmuter began the quest for the Orb.
     0 | D:1      | Reached XP level 1. HP: 18/18 MP: 3/3
   396 | D:1      | Reached XP level 2. HP: 25/25 MP: 3/5
  1007 | D:1      | Learned a level 2 spell: Sticks to Snakes
  1339 | D:2      | Reached XP level 3. HP: 7/31 MP: 4/6
  1578 | D:2      | Noticed Ijyb
  1588 | D:2      | Killed Ijyb
  1765 | D:2      | Reached XP level 4. HP: 36/38 MP: 5/7
  1958 | D:2      | Noticed Jessica
  1959 | D:2      | Killed Jessica
  2117 | D:2      | Reached skill level 4 in Transmutations
  2296 | D:2      | Found a basalt altar of Yredelemnul.
  2594 | D:3      | Found a shimmering altar of Xom.
  2920 | D:3      | Found an iron altar of Okawaru.
  2920 | D:3      | Found a bloodstained altar of Trog.
  2930 | D:3      | Found a snail-covered altar of Cheibriados.
  3065 | D:3      | Learned a level 3 spell: Spider Form
  3356 | D:3      | Reached XP level 5. HP: 42/44 MP: 8/8
  3603 | D:3      | Noticed Purgy
  3621 | D:3      | Killed Purgy
  3621 | D:3      | Reached XP level 6. HP: 26/51 MP: 1/9
  3925 | D:3      | Became a worshipper of Cheibriados the Contemplative
  3990 | D:3      | Noticed Terence
  4002 | D:3      | Killed Terence
  4002 | D:3      | Reached skill level 5 in Transmutations
  4538 | D:4      | Was placed under penance by Cheibriados
  4735 | D:4      | Was forgiven by Cheibriados
  4777 | D:4      | Noticed WhatIsLove's ghost (average HOFi)
  4790 | D:4      | HP: 3/51 [WhatIsLove's ghost (15)]
  4797 | D:4      | HP: 5/51 [WhatIsLove's ghost (6)]
  4800 | D:4      | Gained mutation: You have an increased reservoir of magic (+10% MP). [potion of mutation]
  4800 | D:4      | Gained mutation: Your tail ends in a poisonous barb. [potion of mutation]
  4800 | D:4      | Gained mutation: You can translocate small distances at will. [potion of mutation]
  4800 | D:4      | HP: 2/51 [WhatIsLove's ghost (11)]
  5087 | D:5      | Entered Level 5 of the Dungeon
  5114 | D:5      | Noticed Menkaure
  5128 | D:5      | HP: 3/51 [Menkaure (4)]
  5139 | D:5      | Killed Menkaure
  5139 | D:5      | Reached XP level 7. HP: 30/57 MP: 9/11
  5356 | D:5      | Reached skill level 5 in Unarmed Combat
  5572 | D:5      | Found a sacrificial altar of Ru.
  5820 | D:5      | Learned a level 5 spell: Blade Hands
  5847 | D:5      | Reached skill level 6 in Transmutations
  6095 | D:5      | Reached XP level 8. HP: 50/64 MP: 8/14
  6148 | D:5      | Found a shattered altar of Ashenzari.
  6157 | D:5      | Learned a level 1 spell: Magic Dart
  6366 | D:5      | Acquired Cheibriados's first power
  7299 | D:5      | Reached skill level 7 in Transmutations
  7994 | D:6      | Found Zotoen's Gadget Boutique.
  8116 | D:6      | Found a sacrificial altar of Ru.
  8676 | D:4      | Killed WhatIsLove's ghost
  8721 | D:4      | Reached skill level 8 in Transmutations
  8721 | D:4      | Reached XP level 9. HP: 35/70 MP: 9/15
  8951 | D:4      | Found a staircase to the Ecumenical Temple.
  9317 | D:7      | Noticed Pikel
  9325 | D:7      | Killed Pikel
  9703 | D:7      | Noticed Duvessa
  9712 | D:7      | Killed Duvessa
  9712 | D:7      | Reached skill level 9 in Transmutations
  9716 | D:7      | Noticed Dowan
  9719 | D:7      | Killed Dowan
  9757 | D:7      | Identified a scroll of acquirement
  9760 | D:7      | Got a slimy naga barding
  9769 | D:7      | Identified the +4 naga barding "Unycaamp" {rC+} (You acquired it on level 7 of the Dungeon)
 10061 | D:7      | Acquired Cheibriados's second power
 10724 | D:8      | Noticed a komodo dragon
 10859 | D:8      | Killed a komodo dragon
 10865 | D:8      | Reached skill level 10 in Transmutations
 10872 | D:8      | Reached XP level 10. HP: 72/79 MP: 13/16
 11039 | D:8      | Reached skill level 1 in Invocations
 11135 | D:8      | Noticed a komodo dragon
 11141 | D:8      | Killed a komodo dragon
 11150 | D:8      | Found a staircase to the Lair.
 11428 | D:8      | Acquired Cheibriados's third power
 11697 | D:8      | Learned a level 4 spell: Ice Form
 11751 | D:8      | Reached skill level 1 in Ice Magic
 11895 | D:8      | Gained mutation: Your muscles are strong. (Str +2) [potion of beneficial mutation]
 11974 | D:8      | Acquired Cheibriados's fourth power
 12325 | Lair:1   | Entered Level 1 of the Lair of Beasts
 12568 | Lair:1   | Reached skill level 5 in Invocations
 13095 | Lair:1   | Reached XP level 11. HP: 72/93 MP: 18/18
 13095 | Lair:1   | Reached skill level 10 in Unarmed Combat
 13813 | Lair:2   | Reached skill level 5 in Fighting
 13913 | Lair:2   | Noticed a fire crab
 13920 | Lair:2   | Killed a fire crab
 13923 | Lair:2   | Noticed a seven-headed hydra
 13932 | Lair:2   | Killed a seven-headed hydra
 13932 | Lair:2   | Reached skill level 5 in Ice Magic
 14588 | Lair:2   | Reached XP level 12. HP: 104/104 MP: 15/20
 15368 | Lair:3   | Reached skill level 5 in Dodging
 15781 | Lair:4   | Reached skill level 5 in Spellcasting
 15791 | Lair:4   | Noticed a seven-headed hydra
 15842 | Lair:4   | Found a hole to the Spider Nest.
 16213 | Lair:4   | Killed a seven-headed hydra
 17986 | Lair:5   | Learned a level 6 spell: Freezing Cloud
 18124 | Lair:5   | Reached skill level 1 in Conjurations
 18199 | Lair:5   | Found a staircase to the Swamp.
 18787 | Lair:6   | Gained mutation: You can use your snake-like lower body to constrict enemies. [Naga growth]
 18787 | Lair:6   | Reached XP level 13. HP: 114/114 MP: 18/24
 19345 | Lair:6   | Noticed a four-headed hydra
 19349 | Lair:6   | Noticed a death yak
 19349 | Lair:6   | Noticed a death yak
 19351 | Lair:6   | Noticed a death yak
 19355 | Lair:6   | Killed a four-headed hydra
 19355 | Lair:6   | Killed a death yak
 19355 | Lair:6   | Killed a death yak
 19355 | Lair:6   | Killed a death yak
 19649 | Lair:6   | Got an encrusted naga barding
 19650 | Lair:6   | Identified the +0 naga barding "Yhipamp" {rF++ Str-4 Dex+4} (You acquired it on level 6 of the Lair of Beasts)
 20253 | Lair:6   | Noticed an eight-headed hydra
 20261 | Lair:6   | Killed an eight-headed hydra
 20441 | Lair:6   | Reached skill level 5 in Conjurations
 20828 | Lair:7   | Reached skill level 1 in Air Magic
 21562 | Lair:7   | Noticed kae's ghost (powerful TeFE)
 21819 | Lair:7   | Killed kae's ghost
 22990 | Lair:7   | Reached XP level 14. HP: 127/127 MP: 19/25
 23067 | Lair:8   | Entered Level 8 of the Lair of Beasts
 23068 | Lair:8   | Found a staircase to the Slime Pits.
 23672 | Lair:8   | Reached skill level 10 in Ice Magic
 23858 | Lair:8   | Reached skill level 5 in Air Magic
 24924 | Lair:8   | Found a shattered altar of Ashenzari.
 26926 | D:10     | Entered Level 10 of the Dungeon
 27786 | D:11     | Reached skill level 10 in Fighting
 27821 | D:11     | Reached XP level 15. HP: 138/138 MP: 15/26
 28165 | D:11     | Found Jiaxi's Weapon Emporium.
 28296 | D:11     | Found a staircase to the Orcish Mines.
 28337 | Orc:1    | Entered Level 1 of the Orcish Mines
 28356 | Orc:1    | Found a roughly hewn altar of Beogh.
 28588 | Orc:2    | Found Keoresm's Book Shoppe.
 28612 | Orc:2    | Noticed Maurice
 28618 | Orc:2    | Killed Maurice
 28627 | Orc:2    | Bought a Necronomicon for 1324 gold pieces
 29284 | Orc:3    | Found a staircase to the Elven Halls.
 29799 | Orc:4    | Entered Level 4 of the Orcish Mines
 29871 | Orc:4    | Noticed Donald
 29881 | Orc:4    | Killed Donald
 30375 | Orc:4    | Found a roughly hewn altar of Beogh.
 30553 | Orc:4    | Found a roughly hewn altar of Beogh.
 30774 | Orc:4    | Found Caebimar's Antique Weapon Shoppe.
 30774 | Orc:4    | Found Feudin's Distillery.
 30779 | Orc:4    | Found Nolurec's General Store.
 30779 | Orc:4    | Found Arosi's Assorted Antiques.
 30802 | Orc:4    | Bought a dazzling battleaxe for 299 gold pieces
 30802 | Orc:4    | Identified the +9 battleaxe of a Thousand Tales {drain, *Noise rPois Int+2 Stlth-} (You bought it in a shop on level 4 of the Orcish Mines)
 31211 | Lair:1   | Got a citrine-studded chain mail
 31212 | Lair:1   | Identified the +4 chain mail of the Gastropod {+Blink} (You found it on level 1 of the Lair of Beasts)
 31663 | D:12     | Reached skill level 10 in Air Magic
 32690 | D:13     | Reached skill level 11 in Fighting
 33939 | D:14     | Noticed Josephine
 33944 | D:14     | Killed Josephine
 34528 | D:14     | Found a gate to the Vaults.
 35196 | D:14     | Found a sacrificial altar of Ru.
 35368 | D:14     | Reached XP level 16. HP: 119/151 MP: 21/30
 35670 | D:15     | Entered Level 15 of the Dungeon
 35880 | D:15     | Noticed WhatIsLove's ghost (powerful HOFi)
 35892 | D:15     | Killed WhatIsLove's ghost
 35897 | D:15     | Found a staircase to the Depths.
 36255 | D:15     | Reached skill level 12 in Air Magic
 37511 | D:15     | Learned a level 9 spell: Tornado
 38025 | Swamp:1  | Entered Level 1 of the Swamp
 38594 | Swamp:1  | Reached skill level 13 in Air Magic
 39512 | Swamp:3  | Noticed a thorn hunter
 39784 | Swamp:4  | Entered Level 4 of the Swamp
 40205 | Swamp:3  | Reached XP level 17. HP: 94/162 MP: 15/31
 40284 | Swamp:3  | Killed a thorn hunter
 40664 | Swamp:3  | Noticed Kolbur's ghost (powerful MfIE)
 40704 | Swamp:3  | Killed Kolbur's ghost
 40739 | Swamp:3  | Reached skill level 14 in Air Magic
 41547 | Swamp:3  | HP: 13/162 [eight-headed hydra (13)]
 41547 | Swamp:3  | HP: 4/162 [eight-headed hydra (9)]
 41550 | Swamp:3  | Mangled by a six-headed hydra

Vault maps used:
D:1:      scummos_arrival_simple_fountains, minmay_misc_feat_rows,
          minmay_circled_x
D:2:      lemuel_zombie_altar_yredelemnul, uniq_jessica, uniq_iyjb
D:3:      gammafunk_temple_overflow_forgotten, xom_butterflies, uniq_purgy,
          uniq_terence
D:4:      temple_pool_b, first_bread
D:5:      evilmike_ruin_ashenzari, nicolae_ru_the_path_less_chosen,
          uniq_menkaure
D:6:      kennysheep_mini_moat, serial_shops, shop
D:7:      uniq_pikel, uniq_duvessa
D:8:      erik_lair_dragon, grunt_ogre_cave
D:11:     serial_shops, shop_coins, st_stairs_1, spider_trap, minmay_bad_closet
D:12:     hangedman_decor_slide_cut, minmay_large_rounded_square, uniq_josephine
D:14:     david_vaults_5, serial_co_window_serial, co_window_paths_b,
          co_window_paths_a, co_window_cross_1, co_window_paths_b,
          co_window_paths_b, co_window_2corner, co_window_paths_c,
          co_window_broadway_a, co_window_2corner, co_window_unsneaky_path_d,
          co_window_4corner_b, glass_columns_a, glass_columns_c,
          minmay_misc_feat_diagonals, lemuel_tele_altar
D:15:     hangedman_depths_entry_civil_slaughter
Lair:1:   special_room, beast_lair_carwin_10
Lair:2:   bh_autumn_forest_stairs
Lair:4:   spider_nest_entry_web_field
Lair:5:   swamp_mist, lemuel_fruit_tree
Lair:6:   beast_lair_carwin_8, serial_bayou_shore_a
Lair:8:   guppyfry_lair_end_dragon, hangedman_lair_caniforms_friends,
          minmay_slime_entry_pillars, basic_altar
Swamp:1:  wheals_swamp_sinkhole, swamp_pool5, st_swamp_mini
Swamp:2:  evilmike_swamp_ruin_rubble_2, swamp_pool4
Swamp:3:  evilmike_swamp_ruin_house_4
Swamp:4:  grunt_swamp_rune_castle, swamp_pool3
Orc:1:    minmay_orc_temple_a
Orc:2:    lightli_volcano_entry_magma_tube, serial_shops, nicolae_shop_stone,
          uniq_maurice
Orc:3:    nicolae_orc_pool_cavern
Orc:4:    grunt_orc_tribal_feast, basic_altar, mines1_david, uniq_donald

Action                   |  1- 3 |  4- 6 |  7- 9 | 10-12 | 13-15 | 16-18 || total
-------------------------+-------+-------+-------+-------+-------+-------++-------
Melee: Unarmed           |    59 |   391 |   264 |   517 |  1102 |   299 ||  2632
Throw: Stone             |       |       |       |     1 |     4 |     7 ||    12
       Throwing net      |       |       |       |     1 |       |       ||     1
 Cast: Beastly Appendage |    12 |    10 |     6 |       |       |       ||    28
       Sticks to Snakes  |       |    10 |     6 |       |       |     1 ||    17
       Spider Form       |       |     5 |     7 |       |       |       ||    12
       Magic Dart        |       |       |     8 |       |     6 |       ||    14
       Blade Hands       |       |       |    11 |    64 |   108 |    43 ||   226
       Ice Form          |       |       |       |     2 |    10 |     6 ||    18
       Freezing Cloud    |       |       |       |       |     8 |     5 ||    13
Invok: Bend Time         |       |     1 |       |       |     2 |       ||     3
       Slouch            |       |       |       |     2 |    24 |    16 ||    42
 Abil: Spit Poison       |    10 |    14 |    12 |    10 |     7 |     4 ||    57
       End Transformatio |       |       |       |     1 |     5 |     5 ||    11
       Blink             |       |       |       |       |     1 |       ||     1
Evoke: Wand              |       |     2 |     6 |       |     8 |     2 ||    18
  Use: Scroll            |       |    14 |     8 |     6 |    18 |     4 ||    50
       Potion            |       |     8 |     1 |    10 |     2 |     2 ||    23
 Stab: Sleeping          |     1 |     1 |     1 |    10 |     9 |       ||    22
       Distracted        |       |       |     1 |       |     2 |     1 ||     4
       Petrified         |       |       |       |       |     1 |       ||     1
       Confused          |       |       |       |       |       |     1 ||     1
  Eat: Chunk             |     2 |     8 |    10 |    29 |    23 |     8 ||    80
       Pizza             |       |     1 |     1 |     1 |       |     2 ||     5
       Bread ration      |       |     1 |       |       |       |       ||     1
       Beef jerky        |       |     1 |       |       |       |       ||     1
       Royal jelly       |       |       |     1 |     2 |     7 |     7 ||    17
       Fruit             |       |       |       |       |    19 |       ||    19
       Meat ration       |       |       |       |       |     1 |       ||     1
